 Dungeon Crawl Stone Soup version 0.32-a0-41-gec2d92a32c (webtiles) character file.

Game seed: 594378133079806426

46 pokeman the Magician (level 3, -1/20 HPs)
             Began as a Deep Elf Hedge Wizard on Jan 26, 2024.
             Slain by a ribbon worm (4 damage)
             ... on level 2 of the Dungeon.
             The game lasted 00:02:09 (1698 turns).

pokeman the Magician (Deep Elf Hedge Wizard)        Turns: 1698, Time: 00:02:09

Health: -1/20      AC:  2    Str:  7    XL:     3   Next: 44%
Magic:  1/11       EV: 12    Int: 20    God:
Gold:   48         SH:  0    Dex: 14    Spells: 4/12 levels left

rFire   . . .        j - +2 dagger (drain)
rCold   . . .        (no shield)
rNeg    . . .        b - +0 robe
rPois   .            c - +0 hat
rElec   .            (no cloak)
rCorr   .            (no gloves)
SInv    .            (no boots)
Will    .....        (no amulet)
Stlth   ++           (no ring)
HPRegen 0.23/turn    (no ring)
MPRegen 0.12/turn

%: no passive effects
@: no status effects
A: no striking features
a: no special abilities


You were on level 2 of the Dungeon.
You visited 1 branch of the dungeon, and saw 2 of its levels.

You collected 48 gold pieces.

Inventory:

Hand Weapons
 j - a +2 dagger of draining (weapon)
Armour
 b - a +0 robe (worn)
 c - a +0 hat (worn)
Scrolls
 a - a scroll of identify {unknown}
 e - 2 scrolls of noise {unknown}
 f - a scroll of amnesia {unknown}
 h - a scroll of fog {unknown}
 k - a scroll of vulnerability {unknown}
Potions
 d - a potion of magic
 g - a potion of brilliance {unknown}
 i - a potion of lignification {unknown}


   Skills:
 - Level 1.0 Fighting
 + Level 0.9 Armour
 + Level 2.4 Dodging
 - Level 2.4 Stealth
 * Level 5.2 Spellcasting
 + Level 1.9 Conjurations
 - Level 1.1 Summonings
 - Level 1.1 Translocations


You had 4 spell levels left.
You knew the following spells:

 Your Spells              Type           Power      Damage    Failure   Level
a - Magic Dart            Conj           48%        1d5       5%          1
b - Mephitic Cloud        Conj/Alch/Air  7%         N/A       26%         3
c - Call Imp              Summ           18%        N/A       11%         2
d - Blink                 Tloc           18%        N/A       11%         2

Your spell library contained the following spells:

 Spells                   Type           Power      Damage    Failure   Level
 Slow                     Hex            20%        N/A       12%         1
 Cigotuvi's Dreadful Rot  Necr/Alch/Air  10%        N/A       17%         2
 Vhi's Electric Charge    Tloc/Air       14%        N/A       65%         4
 Arcjolt                  Conj/Air       4%         1d14      91%         5
 Maxwell's Capacitive Co  Air            2%         ∞         100%        8


Dungeon Overview and Level Annotations

Branches:
Dungeon (2/15)

Altars:


Message History

Press: ? - help, Shift-Dir - straight line, f/p - ribbon worm
Aim: a ribbon worm (severely wounded, 100% to hit)
The magic dart hits the ribbon worm.
The ribbon worm is severely wounded.
Casting: Magic Dart (safe; 5% risk of failure)
Confirm with . or Enter, or press ? or * to list all spells.
Aiming: Magic Dart (safe; 5% risk of failure)
Press: ? - help, Shift-Dir - straight line, f/p - ribbon worm
Aim: a ribbon worm (severely wounded, 100% to hit)
The magic dart hits the ribbon worm.
The ribbon worm is almost dead.
The ribbon worm expels a string of sticky webbing.
The stream of webbing misses you.
Casting: Magic Dart (safe; 5% risk of failure)
Confirm with . or Enter, or press ? or * to list all spells.
Aiming: Magic Dart (safe; 5% risk of failure)
Press: ? - help, Shift-Dir - straight line, f/p - ribbon worm
Aim: a ribbon worm (almost dead, 100% to hit)
The magic dart hits the ribbon worm but does no damage.
The ribbon worm is almost dead.
The ribbon worm expels a string of sticky webbing.
The stream of webbing hits you but does no damage.
You are caught in a web!
Casting: Magic Dart (safe; 5% risk of failure)
Confirm with . or Enter, or press ? or * to list all spells.
Aiming: Magic Dart (safe; 5% risk of failure)
Press: ? - help, Shift-Dir - straight line, f/p - ribbon worm
Aim: a ribbon worm (severely wounded, catching its breath, 100% to hit)
The magic dart hits the ribbon worm but does no damage.
The ribbon worm is severely wounded.
The ribbon worm bites you.
Unknown command.
You struggle to detach yourself from the web.
You struggle to detach yourself from the web.
The ribbon worm bites you!
You struggle to detach yourself from the web.
The ribbon worm bites you!
* * * LOW HITPOINT WARNING * * *
The web tears apart.
The ribbon worm bites you.
You die...

########..
#.@w..?...
#.######.#
#.# #.#
#.# ###
#.# #..
#.# #.#
#.# #.#
#.# #.#


You could see a ribbon worm (catching breath).

Vanquished Creatures
  3 dart slugs
  3 bats (D:1)
  5 endoplasms (D:1)
  A giant cockroach (D:1)
  3 goblins (D:1)
  3 hobgoblins (D:1)
  7 jackals (D:1)
  3 kobolds (D:1)
  A quokka (D:1)
  2 ball pythons (D:1)
  A frilled lizard (D:1)
  A rat (D:1)
33 creatures vanquished.

Notes
Turn   | Place    | Note
-------+----------+-------------------------------------------
     0 | D:1      | pokeman the Deep Elf Hedge Wizard began the quest for the
                  | Orb.
     0 | D:1      | Reached XP level 1. HP: 10/10 MP: 7/7
   268 | D:1      | Reached XP level 2. HP: 16/16 MP: 5/9
   686 | D:1      | Reached skill level 5 in Spellcasting
   938 | D:1      | Found a faded altar of an unknown god.
  1033 | D:1      | Reached XP level 3. HP: 20/20 MP: 8/11
  1037 | D:1      | Learned a level 3 spell: Mephitic Cloud
  1040 | D:1      | Learned a level 2 spell: Call Imp
  1043 | D:1      | Learned a level 2 spell: Blink
  1565 | D:2      | Reached skill level 1 in Fighting
  1698 | D:2      | Slain by a ribbon worm

Illustrated notes

Levels and vault maps discovered:
D:1:      shiori_arrival_oz, layout_loops_ring, ebering_ecumenical_altar_hall,
          serial_park_tiny_1
D:2:      layout_loops_ring, minmay_shallow_snake_nest

Skill      XL: |  1  2  3 |
---------------+----------+-----
Spellcasting   | 5 |  5.2
Fighting       | 1 |  1.0
Armour         | |  0.9
Dodging        | |  2.4
Stealth        | |  2.4
Conjurations   | |  1.9
Summonings     | |  1.1
Translocations | |  1.1

Action                     || total
---------------------------++-------
  Melee: Dagger            ||    25
   Cast: Magic Dart        ||   108
 Armour: Robe              ||    31
  Dodge: Dodged            ||    35

Table legend: (Time is in decaauts)
 A = Elapsed time spent in this place.
 B = Non-inter-level travel time spent in this place.
 C = Inter-level travel time spent in this place.
 D = Time resting spent in this place.
 E = Time spent auto-exploring this place.
 F = Levels seen in this place.
 G = Mean time per level.
                   A        B        C        D        E       F      G
               +--------+--------+--------+--------+--------+-----+--------+
         Total |   1697 |   1679 |     18 |      0 |   1470 |   2 |  848.5 |
       Dungeon |   1697 |   1679 |     18 |      0 |   1470 |   2 |  848.5 |
               +--------+--------+--------+--------+--------+-----+--------+

Top non-repeatable levels by time:
     D:1: 1558 daAuts
     D:2: 138 daAuts
